 Dungeon Crawl Stone Soup version 0.27-a0-152-g6fc33f2 (webtiles) character file.

Game seed: 6721999916420748105

68 Blackhawk the Skirmisher (level 4, -3/35 HPs)
             Began as a Demonspawn Abyssal Knight on Jan 27, 2021.
             Was a Follower of Lugonu.
             Slain by an iguana (8 damage)
             ... on level 3 of the Dungeon.
             The game lasted 00:03:07 (2178 turns).

Blackhawk the Skirmisher (DsAK)                     Turns: 2178, Time: 00:03:08

Health: -3/35      AC:  9    Str: 14    XL:     4   Next: 1%
Magic:  6/6        EV: 15    Int: 13    God:    Lugonu [*.....]
Gold:   68         SH:  3    Dex: 12    Spells: 3/3 levels left

rFire    . . .     SeeInvis .   a - +1 hand axe
rCold    . . .     Faith    .   h - +0 buckler
rNeg     . . .     Spirit   .   b - +0 leather armour
rPois    .         Reflect  .   (no helmet)
rElec    .         Harm     .   (no cloak)
rCorr    .         Rampage  .   (no gloves)
Will     .....                  (no boots)
Stlth    ..........             (no amulet)
HPRegen  0.11/turn              d - +4 ring of evasion
MPRegen  0.10/turn              j - ring of attention (curse)

@: mighty, sanguine armour, attractive
A: sanguine armour 1
a: Renounce Religion, Depart the Abyss


You were on level 3 of the Dungeon.
You worshipped Lugonu.
Lugonu was aware of your devotion.
You visited 1 branch of the dungeon, and saw 3 of its levels.
You visited the Abyss 1 time.

You collected 68 gold pieces.

Inventory:

Hand Weapons
 a - a +1 hand axe (weapon)
Missiles
 c - 24 poisoned darts
Armour
 b - a +0 leather armour (worn)
 h - a +0 buckler (worn)
Jewellery
 d - a +4 ring of evasion (left hand)
 j - a cursed ring of attention (right hand)
Scrolls
 e - 2 scrolls of teleportation
 f - 2 scrolls of identify
 m - a scroll of remove curse
Potions
 g - a potion of brilliance
 k - a potion of might
 l - 2 potions of lignification {unknown}


   Skills:
 + Level 3.4 Fighting
 + Level 2.3 Axes
 + Level 2.2 Armour
 + Level 1.6 Dodging
 + Level 3.2 Invocations


You had 3 spell levels left.
You didn't know any spells.
Your spell library was empty.

Dungeon Overview and Level Annotations

Branches:
Dungeon (3/15)

Altars:


Innate Abilities, Weirdness & Mutations

When seriously injured, your bleeding wounds create armour. (AC +6)


Message History

You are too injured to fight recklessly!
You are too injured to fight recklessly!
You closely miss the iguana.
The iguana is heavily wounded.
A bat comes into view.
The iguana bites you.
* * * LOW HITPOINT WARNING * * *
The goblin shoots a stone.
The stone closely misses you.
The bat moves out of view.
Okay, then.
It was a potion of attraction.
You feel attractive to monsters. The iguana bites you.
* * * LOW HITPOINT WARNING * * *
The goblin shoots a stone.
The stone closely misses you. The goblin is pulled toward you!
It was a potion of might.
You feel very mighty all of a sudden. The iguana bites you!
You die...

#...## ..# .
#....##.#
....#..<....#
...........##
..###......#
#......##
#.......###
......#....$#
......##..#@#
.......###..gl....#
.####.## #.......)#
#. #........#
#........#
#........#
.........#
..#########


You could see an iguana and a goblin.

Vanquished Creatures
  An adder (D:2)
  An ooze (D:1)
  3 worms (D:2)
  A dart slug (D:1)
  4 bats
  A giant cockroach (D:2)
  6 goblins
  8 hobgoblins
  7 jackals (D:1)
  A frilled lizard (D:1)
  4 kobolds
  4 rats
41 creatures vanquished.

Notes
Turn   | Place    | Note
-------+----------+-------------------------------------------
     0 | Abyss:1  | Blackhawk the Demonspawn Abyssal Knight began the quest for
                  | the Orb.
     0 | Abyss:1  | Reached XP level 1. HP: 18/18 MP: 2/2
    76 | Abyss:1  | Noticed a small abomination
   105 | Abyss:1  | Noticed a small abomination
   106 | Abyss:1  | Noticed a large abomination
   111 | D:1      | Escaped the Abyss
   215 | D:1      | Reached skill level 1 in Dodging
   495 | D:1      | Gained mutation: When seriously injured, your bleeding
                  | wounds create armour. (AC +6) [demonic ancestry]
   495 | D:1      | Reached XP level 2. HP: 23/24 MP: 4/4
   495 | D:1      | Reached * piety under Lugonu
   875 | D:1      | Reached XP level 3. HP: 25/29 MP: 5/5
  2157 | D:3      | Reached XP level 4. HP: 34/35 MP: 6/6
  2178 | D:3      | Slain by an iguana

Illustrated notes

Levels and vault maps discovered:
D:1:      lemuel_arrival_room, layout_rooms
D:2:      layout_rooms, serial_corexii_hall, corexii_hall_statues_i,
          chequers_hall_statues_wall_a
D:3:      layout_rooms, lemuel_round_altar, lemuel_blue_sif_altar,
          trog_butcher_becter

Skill      XL: |  1  2  3 |
---------------+----------+-----
Dodging        | 1 |  1.6
Axes           | 2 |  2.3
Armour         | 2 |  2.2
Invocations    | 3 |  3.2
Fighting       | |  3.4

Action                   |  1- 3 |  4- 6 || total
-------------------------+-------+-------++-------
Melee: Hand axe          |   161 |    11 ||   172
Invok: Depart the Abyss  |     1 |       ||     1
  Use: Scroll            |     5 |       ||     5
       Potion            |       |     2 ||     2
Armor: Leather armour    |    38 |     6 ||    44
Dodge: Dodged            |   113 |    12 ||   125
Block: Buckler           |    16 |     3 ||    19

Table legend: (Time is in decaauts)
 A = Elapsed time spent in this place.
 B = Non-inter-level travel time spent in this place.
 C = Inter-level travel time spent in this place.
 D = Time resting spent in this place.
 E = Time spent auto-exploring this place.
 F = Levels seen in this place.
 G = Mean time per level.
                   A        B        C        D        E       F      G
               +--------+--------+--------+--------+--------+-----+--------+
         Total |   2219 |   2168 |     51 |      0 |   1754 |   4 |  554.8 |
       Dungeon |   2108 |   2057 |     51 |      0 |   1678 |   3 |  702.7 |
         Abyss |    111 |    111 |      0 |      0 |     76 |   1 |  111.0 |
               +--------+--------+--------+--------+--------+-----+--------+

Top non-repeatable levels by time:
     D:1: 1158 daAuts
     D:2: 909 daAuts
 Abyss:1: 111 daAuts
     D:3: 39 daAuts
